 Dungeon Crawl Stone Soup version 0.28-a0-1087-gf3fc490d9d (webtiles) character file.

Game seed: 4886953017120171329

0 spiderkeys the Ducker (level 1, -9/10 HPs)
             Began as a Felid Abyssal Knight on Dec 10, 2021.
             Was a Follower of Lugonu.
             Killed by divine providence
             ... invoked by a smoke demon
              (12 damage)
             ... on level 2 of the Abyss.
             The game lasted 00:00:31 (126 turns).

spiderkeys the Ducker (Felid Abyssal Knight)         Turns: 126, Time: 00:00:31

Health: -9/10      AC:  1    Str:  9    XL:     1   Next: 0%
Magic:  3/3        EV: 18    Int: 11    God:    Lugonu [*.....]
Gold:   38         SH:  0    Dex: 16    Spells: 0/0 levels left
                                        Lives:  0   Deaths: 0

rFire   . . .      SeeInvis +     - Unarmed
rCold   . . .      Faith    .   (shield unavailable)
rNeg    . . .      Spirit   .   (armour unavailable)
rPois   .          Reflect  .   (helmet unavailable)
rElec   .          Harm     .   (cloak unavailable)
rCorr   .          Rampage  .   (gloves unavailable)
Will    .....                   (boots unavailable)
Stlth   +.........              (no amulet)
HPRegen 0.03/turn               (no ring)
MPRegen 0.08/turn               (no ring)

@: quick
A: very small, claws 1, fangs 3, see invisible, speed 1, shaggy fur 1, stealthy
paws, no weapons or thrown items, no armour, multi-lived
a: Renounce Religion, Depart the Abyss


You were on level 2 of the Abyss.
You worshipped Lugonu.
Lugonu was aware of your devotion.
You visited 0 branches of the dungeon, and saw 0 of its levels.
You visited the Abyss 1 time.

You collected 38 gold pieces.


Innate Abilities, Weirdness & Mutations

You have sharp claws.
You have razor-sharp teeth.
You have supernaturally acute eyesight. (SInv)
You cover ground quickly. (Speed+)
You are covered in fur. (AC +1)
Your paws help you pounce on unaware monsters.
You are incapable of wielding weapons or throwing items.
You cannot wear armour.
You gain extra lives every three experience levels.


   Skills:
 + Level 3.0 Fighting
 + Level 3.2 Dodging
 + Level 2.0 Unarmed Combat
 + Level 1.7 Invocations


You couldn't memorise any spells.
You didn't know any spells.
Your spell library contained the following spells:

 Spells                   Type           Power      Damage    Failure   Level
 Pain                     Necr           0%         1d4       34%         1
 Dispel Undead            Necr           0%         3d6       98%         4
 Haunt                    Necr/Summ      0%         N/A       100%        7
 Excruciating Wounds      Necr           Unusable   N/A       N/A         5

Inventory:

Wands
 c - a wand of flame (9)
   (You found it on level 2 of the Abyss)
Potions
 a - a potion of flight {unknown}
 b - a potion of mutation {unknown}

Dungeon Overview and Level Annotations

Branches:
Dungeon (0/15)

Altars:

#...........#*###..
##.# ....#..##.#.##
......#..######.##.
... ....
#.#...#.### .
#.......##.3.#.#..#
. .$........##...#
≈≈≈.#
#(.........###
≈≈.##........#.##
≈≈. .#..#...#@# ≈≈
....#.##.....#
######.####.# #. ##
). ##


You could see a smoke demon.


Message History

🤖 Initializing magus.rc ... ✅ Successfully initialized magus.rc [v1.9.10] Welcome, spiderkeys the Felid Abyssal Knight.
The astounding Orb of Zot lies far below, as if waiting for you to find it.
Lugonu says: Depart the Abyss and spread corruption, my servant! (use the ability menu to exit the Abyss) Press ? for a list of commands and other information.
Found an orange potion.
Found a corrupted altar of Lugonu.
Found two gateways leading out of the Abyss.
Unknown command.
Found a gateway leading deeper into the Abyss.
a - an orange potion You now have 9 gold pieces.
You enter the shallow water.
Moving in this stuff is going to be slow.
You enter the shallow water.
Moving in this stuff is going to be slow.
b - a fizzy emerald potion A smoke demon comes into view.
Found a gateway leading deeper into the Abyss.
There is a gateway leading deeper into the Abyss here.
You plunge deeper into the Abyss.
You now have 38 gold pieces (gained 29).
You see here a wand of flame (9).
You see here a wand of flame (9).
c - a wand of flame (9)
The smoke demon roars!
You see here the Almanac of the Rattlesnake.
You pick up the Almanac of the Rattlesnake and begin reading...
You add the spells Pain, Dispel Undead and Haunt to your library.
The smoke demon gestures at you. Something smites you!
Ouch! That really hurt!
* * * LOW HITPOINT WARNING * * *
😱 HP[-8]
You take 8 damage, and now have 2/10 hp.
MASSIVE DAMAGE!! (PAUSE)
Okay, then. 😨 HP[+1]
d - a scroll labelled ISHRIB SORO
As you read the scroll labelled ISHRIB SORO, it crumbles to dust.
It is a scroll of amnesia.
You feel forgetful for a moment.
You feel a surge of unholy energy. The smoke demon gestures at you.
Something smites you!
Ouch! That really hurt!
You die...

Action                   || total
-------------------------++-------
  Use: Scroll            ||     1

Levels and vault maps discovered:
Abyss:2:  base: Temple, evilmike_abyss_exit_12

Notes
Turn   | Place    | Note
-------+----------+-------------------------------------------
     0 | Abyss:1  | spiderkeys the Felid Abyssal Knight began the quest for the
                  | Orb.
     0 | Abyss:1  | Reached XP level 1. HP: 10/10 MP: 3/3
     0 | Abyss:1  | magus.rc [v1.9.10]
    74 | Abyss:1  | Noticed a smoke demon
   115 | Abyss:2  | Noticed a smoke demon
   117 | Abyss:2  | You add the spells Pain, Dispel Undead and Haunt to your
                  | library.
   117 | Abyss:2  | Got the Almanac of the Rattlesnake
   117 | Abyss:2  | HP: 2/10 [smoke demon/divine providence (8)]
   126 | Abyss:2  | Killed from afar by a smoke demon

Vanquished Creatures (others)
  A lurking horror (Abyss:2)
1 creature vanquished.

Table legend:
 A = Non-vault XP
 B = Vault XP
 C = Vault XP percentage of total XP
 D = Non-vault monster count
 E = Vault monster count
 F = Vault count percentage of total count
                 A         B        C        D         E       F
            +---------+---------+-------+---------+---------+-------
      Total |       0 |       0 |   N/A |       0 |       0 |  -nan
            +---------+---------+-------+---------+---------+-------
            +---------+---------+-------+---------+---------+-------

Illustrated notes

Table legend: (Time is in decaauts)
 A = Elapsed time spent in this place.
 B = Non-inter-level travel time spent in this place.
 C = Inter-level travel time spent in this place.
 D = Time resting spent in this place.
 E = Time spent auto-exploring this place.
 F = Levels seen in this place.
 G = Mean time per level.
                   A        B        C        D        E       F      G
               +--------+--------+--------+--------+--------+-----+--------+
         Total |    105 |    105 |      0 |      0 |     58 |   2 |   52.5 |
         Abyss |    105 |    105 |      0 |      0 |     58 |   2 |   52.5 |
               +--------+--------+--------+--------+--------+-----+--------+

Top non-repeatable levels by time:
 Abyss:1: 76 daAuts
 Abyss:2: 29 daAuts
